 Dungeon Crawl Stone Soup version 0.24.0-2-g5b39cebb1c (webtiles) character file.

Game seed: 18444297136196646321, levelgen mode: deterministic

211 Curus the Slasher (level 5, -11/45 HPs)
             Began as a Minotaur Monk on Oct 30, 2019.
             Mangled by an ogre
             ... wielding a +0 giant spiked club
              (26 damage)
             ... on level 4 of the Dungeon.
             The game lasted 00:09:10 (2363 turns).

Curus the Slasher (Minotaur Monk)                   Turns: 2363, Time: 00:09:10

Health: -11/45     AC:  7    Str: 15    XL:     5   Next: 57%
Magic:  4/4        EV: 13    Int:  7    God:
Gold:   75         SH:  0    Dex: 14    Spells: 4/4 levels left

rFire    . . .     SeeInvis +   a - +0 falchion
rCold    . . .     Gourm    .   (no shield)
rNeg     . . .     Faith    .   d - +0 leather armour
rPois    .         Spirit   .   i - +2 hat {SInv}
rElec    .         Reflect  .   g - +0 cloak
rCorr    .         Harm     .   l - +0 pair of gloves
MR       .....                  (no boots)
Stlth    ++........             (no amulet)
HPRegen  0.15/turn              (no ring)
MPRegen  0.09/turn              (no ring)

@: no status effects
A: retaliatory headbutt, horns 2
a: no special abilities


You were on level 4 of the Dungeon.
You were hungry.

You visited 1 branch of the dungeon, and saw 4 of its levels.

You collected 147 gold pieces.
You spent 72 gold pieces at shops.

Inventory:

Hand Weapons
 a - a +0 falchion (weapon)
Armour
 b - a +1 robe
 d - a +0 leather armour (worn)
 g - a +0 cloak (worn)
 i - a +2 hat of see invisible (worn)
 l - a +0 pair of gloves (worn)
Jewellery
 k - an uncursed amulet of inaccuracy
Wands
 h - a wand of iceblast (4)
Scrolls
 e - 3 scrolls of identify
 f - 4 scrolls of teleportation
 j - 2 scrolls of blinking
 m - a scroll of remove curse
Comestibles
 c - 6 rations


   Skills:
 - Level 3.6 Fighting
 + Level 7.7 Long Blades
 - Level 3.2 Dodging
 - Level 1.5 Stealth


You had 4 spell levels left.
You didn't know any spells.
Your spell library was empty.

Dungeon Overview and Level Annotations

Branches:
Dungeon (4/15)
 Temple: D:4-7

Altars:

Shops:
D:4 ?


Innate Abilities, Weirdness & Mutations

You reflexively headbutt those who attack you in melee.
You have a pair of horns on your head.


Message History

The ogre is moderately wounded.
You hit the ogre. Your headbutt misses the ogre.
The ogre is moderately wounded.
Firing (i - inventory) No suitable missiles.
Press: ? - help, Shift-Dir - straight line, f - ogre
Aim: an ogre, wielding a +0 giant spiked club (moderately wounded)
Okay, then.
Unknown command.
Unknown command.
Unknown command.
You hit the ogre.
The ogre is moderately wounded.
The ogre closely misses you.
You riposte.
You hit the ogre. You headbutt the ogre.
The ogre is heavily wounded.
You hit the ogre.
The ogre is heavily wounded.
The ogre hits you with a +0 giant spiked club!!
Ouch! That really hurt!
You die...

...........##.# #
#.........<..##.#
#.#............##.#
#.#............##.#
.........^....##.#
#............##.#
#..........>.##.#
#.O..........##.#
#.@..........##.#
#...............#
#............####
................#
#################


You could see an ogre.

Vanquished Creatures
  2 orc wizards (D:3)
  A worker ant (D:4)
  A gnoll (D:1)
  5 adders
  An ooze (D:2)
  2 worms (D:2)
  3 dart slugs
  5 orcs (D:3)
  9 bats
  4 giant cockroaches (D:1)
  3 hobgoblins
  3 jackals (D:3)
  2 quokkas
  3 frilled lizards
  7 goblins
  5 kobolds
  A quokka skeleton (D:3)
  8 rats
65 creatures vanquished.

Notes
Turn   | Place    | Note
-------+----------+-------------------------------------------
     0 | D:1      | Curus the Minotaur Monk began the quest for the Orb.
     0 | D:1      | Reached XP level 1. HP: 19/19 MP: 0/0
   131 | D:1      | Reached skill level 4 in Long Blades
   198 | D:1      | Reached XP level 2. HP: 6/26 MP: 1/1
   577 | D:1      | Reached skill level 5 in Long Blades
   614 | D:1      | Reached XP level 3. HP: 31/31 MP: 2/2
  1364 | D:2      | Reached XP level 4. HP: 35/39 MP: 3/3
  1369 | D:2      | Reached skill level 6 in Long Blades
  1478 | D:2      | Found a faded altar of an unknown god.
  1916 | D:3      | Reached skill level 7 in Long Blades
  1916 | D:3      | Reached XP level 5. HP: 33/45 MP: 4/4
  2308 | D:4      | Found Ogaixtam's Magic Scroll Emporium.
  2314 | D:4      | Bought a scroll of teleportation for 36 gold pieces
  2314 | D:4      | Bought a scroll of teleportation for 36 gold pieces
  2354 | D:4      | Noticed an ogre
  2363 | D:4      | Mangled by an ogre

Levels and vault maps discovered:
D:1:      lordsloth_arrival_two_stooges, layout_basic
D:2:      layout_basic, chequers_ecumenical_altar_grove
D:3:      layout_rooms
D:4:      layout_basic, minmay_temple_entry_stoned_glass, serial_shops, shop

Skill      XL: |  1  2  3  4 |
---------------+-------------+-----
Long Blades    | 4 5 7 |  7.7
Fighting       | |  3.6
Dodging        | |  3.2
Stealth        | |  1.5

Action                   |  1- 3 |  4- 6 || total
-------------------------+-------+-------++-------
Melee: Falchion          |    75 |    76 ||   151
       Headbutt          |     9 |    12 ||    21
  Use: Scroll            |     4 |     4 ||     8
       Potion            |     3 |     1 ||     4
 Stab: Sleeping          |     3 |     1 ||     4
  Eat: Chunk             |     1 |     3 ||     4
Armor: Robe              |     1 |       ||     1
       Leather armour    |    10 |    14 ||    24
Dodge: Dodged            |    46 |    41 ||    87
       Rpst.: Falchion   |    11 |    10 ||    21
